 Dungeon Crawl Stone Soup version 0.32-a0-791-gfc315c9ecd (webtiles) character file.

Game seed: 16439146264126776524

362630 cforsyth the Slayer (level 21, 0/214 HPs)
             Began as a Mountain Dwarf Cinder Acolyte on Mar 20, 2024.
             Was a High Priest of Ignis.
             Shot with an arrow by a deep elf master archer (21 damage)
             ... on level 3 of the Elven Halls on Mar 21, 2024.
             The game lasted 02:48:43 (83255 turns).

cforsyth the Slayer (MDCA)                         Turns: 83255, Time: 02:48:46

Health: 0/214      AC: 32    Str: 28    XL:     21   Next: 52%
Magic:  25/25      EV:  7    Int: 26    God:    Ignis [*****.]
Gold:   1448       SH: 10    Dex:  5    Spells: 16/26 levels left

rFire   + . .        a - +8 hand axe of Actus Reus {freeze, Will+ Str+2}
rCold   + . .        n - +0 kite shield
rNeg    + . .        Y - +1 plate armour {rF+}
rPois   +            Z - +2 helmet "Yhirit" {Rampage}
rElec   +            Q - scarf of the Eleven Wishes {harm, rPois rF- rC+ Int+4}
rCorr   .            P - +3 pair of gauntlets of War {Slay+5}
SInv    .            j - +0 pair of boots
Will    +++..        q - amulet of regeneration Stlth
                     N - ring "Gobb" {+Blink rPois rN+ Str+5}
HPRegen 1.35/turn    L - ring "Jofiewni" {Wiz Fly rElec}
MPRegen 0.19/turn

%: harm (+30% outgoing, +20% incoming), rampage, wizardry (x1)
@: attractive, flying, studying Alchemy
A: runic magic, artefact enchanting
}: 2/15 runes: barnacled, gossamer
a: Renounce Religion, Evoke Blink, Fiery Armour, Foxfire Swarm, Rising Flame


You were on level 3 of the Elven Halls.
You worshipped Ignis.
Ignis was extremely pleased with you.
You visited 8 branches of the dungeon, and saw 38 of its levels.
You visited the Abyss 1 time.
You also visited: Wizlab.

You collected 4189 gold pieces.
You spent 2741 gold pieces at shops.


Innate Abilities, Weirdness & Mutations

Your spellcasting is much less encumbered by armour.
You can use scrolls of enchantment on lesser artefacts.


   Skills:
 - Level 24.0 Fighting
 - Level 18.0 Axes
 - Level 23.6 Armour
 + Level 13.5 Shields
 - Level 3.1 Spellcasting
 + Level 18.1 Fire Magic
 - Level 8.0 Evocations


You had 16 spell levels left.
You knew the following spells:

 Your Spells              Type           Power      Damage    Failure   Level
f - Fireball              Conj/Fire      25%        3d11      4%          5
r - Inner Flame           Hex/Fire       50%        N/A       1%          3
X - Scorch                Fire           100%       2d9       0%          2

Your spell library contained the following spells:

 Spells                   Type           Power      Damage    Failure   Level
 Foxfire                  Conj/Fire      100%       2x1d9     1%          1
 Flame Wave               Conj/Fire      50%        2d12      1%          4
 Ignite Poison            Fire/Alch      50%        N/A       1%          4
 Apportation              Tloc           8%         N/A       8%          1
 Freeze                   Ice            16%        1d4       8%          1
 Magic Dart               Conj           16%        1d3       8%          1
 Necrotise                Necr           16%        1d4       8%          1
 Shock                    Conj/Air       16%        1d4       8%          1
 Sting                    Conj/Alch      16%        1d4       8%          1
 Summon Small Mammal      Summ           16%        N/A       8%          1
 Call Imp                 Summ           8%         N/A       12%         2
 Cigotuvi's Dreadful Rot  Necr/Alch/Air  8%         N/A       12%         2
 Ensorcelled Hibernation  Hex/Ice        8%         N/A       12%         2
 Sublimation of Blood     Necr           4%         N/A       12%         2
 Frozen Ramparts          Ice            8%         1d2       22%         3
 Hailstorm                Conj/Ice       4%         3d5       22%         3
 Mephitic Cloud           Conj/Alch/Air  4%         N/A       22%         3
 Passwall                 Erth           4%         N/A       22%         3
 Stone Arrow              Conj/Erth      8%         3d7       22%         3
 Summon Ice Beast         Ice/Summ       4%         N/A       22%         3
 Swiftness                Air            4%         N/A       22%         3
 Tukima's Dance           Hex            4%         N/A       22%         3
 Ignition                 Fire           39%        3d12      28%         8
 Animate Dead             Necr           4%         N/A       56%         4
 Cause Fear               Hex            2%         N/A       56%         4
 Dimensional Bullseye     Hex/Tloc       2%         N/A       56%         4
 Fulminant Prism          Conj/Alch      2%         3d5       56%         4
 Iskenderun's Mystic Bla  Conj/Tloc      4%         2d3       56%         4
 Leda's Liquefaction      Alch/Erth      2%         N/A       56%         4
 Manifold Assault         Tloc           4%         N/A       56%         4
 Petrify                  Alch/Erth      4%         N/A       56%         4
 Arcjolt                  Conj/Air       2%         1d12      87%         5
 Borgnjor's Vile Clutch   Necr/Erth      2%         N/A       87%         5
 Freezing Cloud           Conj/Ice/Air   2%         6-21      87%         5
 Irradiate                Conj/Alch      2%         3d12      87%         5
 Iskenderun's Battlesphe  Conj           4%         2d6       87%         5
 Lee's Rapid Deconstruct  Erth           2%         3d4*      87%         5
 Metabolic Englaciation   Hex/Ice        2%         N/A       87%         5
 Bombard                  Conj/Erth      2%         9d1       100%        6
 Death Channel            Necr           2%         N/A       100%        6
 Dispersal                Tloc           2%         N/A       100%        6
 Permafrost Eruption      Ice/Erth       2%         2x4d2     100%        6
 Sculpt Simulacrum        Ice/Alch       2%         N/A       100%        6
 Summon Hydra             Summ           2%         N/A       100%        7
 Disjunction              Tloc           2%         N/A       100%        8
 Fire Storm               Conj/Fire      25%        8d6       100%        9

Inventory:

Hand Weapons
 a - the +8 hand axe of Actus Reus (weapon) {freeze, Will+ Str+2}
   (You bought it in a shop on level 2 of the Orcish Mines)

   Str+2:     It affects your strength (+2).
   Will+:     It increases your willpower.
 I - a +3 heavy broad axe
 W - a +2 battleaxe of flaming
Armour
 j - a +0 pair of boots (worn)
 n - a +0 kite shield (worn)
 P - the +3 pair of gauntlets of War (worn) {Slay+5}
   (You bought it in a shop on level 8 of the Dungeon)

   Slay+5:    It affects your accuracy & damage with ranged weapons and melee
   (+5).
 Q - the scarf of the Eleven Wishes (worn) {harm, rPois rF- rC+ Int+4}
   (You found it on level 3 of the Lair of Beasts)

   Int+4:     It affects your intelligence (+4).
   rF-:       It makes you vulnerable to fire.
   rC+:       It protects you from cold.
   rPois:     It protects you from poison.
 Y - a +1 plate armour of fire resistance (worn)
 Z - the +2 helmet "Yhirit" (worn) {Rampage}
   (You bought it in a shop on level 2 of the Orcish Mines)

   Rampage:   It bestows one free step when moving towards enemies.
Jewellery
 q - an amulet of regeneration (around neck)
 r - an amulet of reflection
 C - a ring of protection from cold
 D - a +6 ring of dexterity
 E - the ring of Symmetry {*Corrode Fly rPois Will- Str+6}
   (You found it on level 11 of the Dungeon)

   [ring of strength]

   Str+6:     It affects your strength (+6).
   rPois:     It protects you from poison.
   Will-:     It decreases your willpower.
   Fly:       It grants you flight.
   *Corrode:  It may corrode you when you take damage.
 F - a ring of protection from fire
 L - the ring "Jofiewni" (right hand) {Wiz Fly rElec}
   (You bought it in a shop on level 2 of the Orcish Mines)

   [ring of wizardry]

   Wiz:       It improves your spell success rate.
   rElec:     It insulates you from electricity.
   Fly:       It grants you flight.
 N - the ring "Gobb" (left hand) {+Blink rPois rN+ Str+5}
   (You found it on level 1 of the Spider Nest)

   [ring of positive energy]

   Str+5:     It affects your strength (+5).
   rPois:     It protects you from poison.
   rN+:       It protects you from negative energy.
   +Blink:    It lets you blink.
 T - a +4 ring of protection
Wands
 b - a wand of mindburst (19)
 k - a wand of light (13)
 u - a wand of paralysis (31)
 y - a wand of flame (61)
 G - a wand of roots (26)
Scrolls
 c - 7 scrolls of noise
 e - 8 scrolls of enchant armour
 f - 3 scrolls of revelation
 l - 4 scrolls of teleportation {@r2}
 m - a scroll of blinking
 w - 2 scrolls of vulnerability
 z - 5 scrolls of fog
 A - 3 scrolls of enchant weapon
 B - 3 scrolls of fear
 O - 4 scrolls of poison
 V - 6 scrolls of immolation
 X - 11 scrolls of identify {@r1}
Potions
 d - 14 potions of curing {@q1}
 g - 6 potions of lignification
 h - 5 potions of haste {@q3}
 i - 7 potions of brilliance
 o - 10 potions of mutation
 p - 4 potions of might
 s - 5 potions of attraction
 t - 5 potions of magic
 v - 5 potions of cancellation
 x - 5 potions of berserk rage {!q}
 H - 2 potions of enlightenment
 J - a potion of heal wounds {@q2}
 K - 2 potions of resistance
 M - 11 potions of ambrosia
 S - 4 potions of invisibility
Miscellaneous
 R - a condenser vane
 U - a phantom mirror

Dungeon Overview and Level Annotations

Branches:
Dungeon (15/15)            Temple (1/1) D:7            Lair (5/5) D:9
 Shoals (4/4) Lair:3       Spider (4/4) Lair:2        Slime (0/5) Lair:4
    Orc (2/2) D:10            Elf (3/3) Orc:2        Vaults (4/5) D:14
  Crypt (0/3) Vaults:3     Depths (0/4) D:15         WizLab (visited)

Altars:
Ashenzari
Cheibriados
Dithmenos
Elyvilon
Fedhas
Gozag
Hepliaklqana
Kikubaaqudgha
Makhleb
Nemelex Xobeh
Okawaru
Qazlal
Ru
Sif Muna
Trog
Uskayaw
Vehumet
Wu Jian
Xom
Yredelemnul
Zin
The Shining One
Beogh

Shops:
D:2 [!(   D:8 :?[!   D:13 *   Orc:2 =(*[[   Vaults:2 (

Annotations:
D:14 1 runed translucent door
Elf:1 1 runed translucent door

). ▒▒.....▒▒
....▒▒...▒▒ . ░░...
▒▒.▒▒ ..░....▒▒...▒▒
.....▒▒.....▒▒.
.......e.....§. ▒▒▒
▒...§...§... ▒▒.▒▒
▒▒..░e..e.░..▒ ###
▒▒...▒▒▒...@░░.░░(.e.▒
..##▒▒....)▒)....░░░░
.....
#.......⌠..)[)....░
####▒▒...))▒.....░░
▒▒...▒▒▒....░ ▒▒.▒▒
▒▒..░... ▒▒▒ ▒......
....... .▒▒...


You could see a deep elf master archer, a deep elf archer (repels missiles) and
a deep elf zephyrmancer.


Message History

The deep elf master archer is heavily wounded.
The deep elf master archer wields a +0 longbow.
The deep elf master archer shoots an arrow.
The arrow hits you!!
* * * LOW HITPOINT WARNING * * *
You hear a shout!
The deep elf archer is attracted toward you.
Unknown command.
You slice the deep elf master archer!! You freeze the deep elf master archer!
The deep elf master archer is almost dead.
The deep elf master archer throws a boomerang.
The boomerang hits you!!
* * * LOW HITPOINT WARNING * * *
Unknown command.
Unknown command.
You hit the deep elf master archer. You freeze the deep elf master archer.
The deep elf master archer is almost dead.
The deep elf master archer shoots an arrow.
The arrow hits you but does no damage.
The deep elf master archer throws a boomerang.
The boomerang hits you but does no damage.
The deep elf zephyrmancer is attracted toward you.
You feel much better.
The deep elf master archer throws a boomerang.
The boomerang hits you!!
* * * LOW HITPOINT WARNING * * *
The deep elf master archer shoots an arrow.
The arrow hits you!!
You die...
Ignis goes out, and joins you in death.

Skill      XL: |  1  2  3  4  5  6  7  8  9 10 11 12 13 14 15 16 17 18 19 20 21 |
---------------+----------------------------------------------------------------+-----
Armour         | 1 2 3 4 5 7 9 10 11 13 14 16 17 19 20 22 23 | 23.6
Fire Magic     | 4 5 6 7 9 10 12 13 14 16 18 | 18.1
Axes           | 4 5 6 7 9 10 12 13 15 16 17 18 | 18.0
Fighting       | 4 5 6 8 9 11 12 13 15 16 17 19 21 22 23 24 | 24.0
Spellcasting   | 2 3 |  3.1
Shields        | 5 7 10 12 13 | 13.5
Evocations     | 5 8 |  8.0

Action                     |  1- 3 |  4- 6 |  7- 9 | 10-12 | 13-15 | 16-18 | 19-21 || total
---------------------------+-------+-------+-------+-------+-------+-------+-------++-------
  Melee: Hand axe          |    87 |    38 |    80 |    87 |   525 |  1447 |  1610 ||  3874
         War axe           |       |       |    20 |   523 |   525 |       |       ||  1068
         Battleaxe         |       |       |       |       |   422 |       |       ||   422
  Throw: Dart              |       |       |       |       |     1 |       |       ||     1
   Cast: Scorch            |    15 |    46 |   235 |   313 |   204 |   531 |     5 ||  1349
         Fireball          |       |       |       |       |       |       |    11 ||    11
  Evoke: Wand              |       |     1 |     7 |     7 |    23 |     3 |     2 ||    43
         Phantom mirror    |       |       |       |       |     1 |     1 |       ||     2
    Use: Potion            |     1 |     1 |       |     1 |     5 |     2 |     7 ||    17
         Scroll            |       |       |    13 |     6 |     9 |    10 |    13 ||    51
   Stab: Paralysed         |       |       |     9 |       |     5 |       |       ||    14
         Distracted        |       |       |       |       |     1 |       |       ||     1
         Invisible         |       |       |       |       |       |       |     3 ||     3
 Armour: Robe              |    78 |    64 |    39 |       |       |       |       ||   181
         Skin              |     5 |       |     1 |       |       |       |       ||     6
         Chain mail        |       |       |   159 |   423 |       |       |       ||   582
         Plate armour      |       |       |       |   593 |  1650 |  1522 |  1251 ||  5016
  Dodge: Dodged            |    59 |    39 |   139 |   653 |   770 |   658 |   264 ||  2582
  Block: Kite shield       |       |       |       |       |   188 |   743 |   522 ||  1453

Levels and vault maps discovered:
D:1:      dreamdust_arrival_beginning_and_end, layout_basic
D:2:      layout_rooms, serial_shops, nicolae_shop_just_a_little_nook, shop,
          nicolae_shop_industrial_runoff, shapermc_ecumenical_altar_ellora,
          basic_altar, minivault_14, hangedman_decor_clover_reticule
D:3:      layout_basic, mainiacjoe_overflow_catwalk, kennysheep_doodads,
          uniq_jessica
D:4:      layout_gridville, mainiacjoe_overflow_six_doors_small,
          nicolae_vehumet_radiance
D:5:      layout_gridville, bloody_makhleb
D:6:      layout_basic, nicolae_overflow_hidden_temple, dancing_weapons_uskayaw,
          uniq_duvessa
D:7:      layout_gridville, nzn_wu_jian_contemplation,
          mainiacjoe_overflow_concentric_impassable, xom_teletrap_fun,
          minmay_temple_entry_wispy, serial_glass, glass_columns_c,
          glass_columns_c, nicolae_concentric_dashed_squares_mild, uniq_joseph,
          uniq_pikel
D:8:      layout_rooms, mainiacjoe_overflow_alcove_1, special_room
          [special_room_orc], serial_shops, shop,
          nicolae_shop_tiny_statue_garden, shop, nicolae_shop_advertising_works
          [nicolae_subvault_shop_adworks], chequers_serial_rivers_small_3,
          reono_crystal_passage
D:9:      layout_grid_maze, due_lair_maze_entry_diamond
D:10:     layout_basic, zin_academy, hiddenorc2_lemuel, gammafunk_ghost_icy
D:11:     gammafunk_mikee_crab_dinner, layout_basic
D:12:     layout_irregular_city
D:13:     layout_small_grid, nicolae_wooded_promenade, st_stairs_6,
          minmay_fractal_squares_gapless_5
D:14:     layout_basic, skrybe_vaults_entry_preservation,
          muffindrake_ghost_dual_entry, uniq_azrael
D:15:     gammafunk_depths_entry_grave, layout_cave_pools,
          serial_library_hellmonk_u_bend
Temple:   hellmonk_temple_of_storms
Lair:1:   layout_misc_corridors, special_room [special_room_bee]
Lair:2:   layout_regular_city, hellmonk_spider_entry_life_and_decay,
          infiniplex_staircase_pool, uniq_amaemon, uniq_urug
Lair:3:   layout_gridlike, minmay_shoals_entry_beasts, basic_altar, pond,
          grunt_megastairs_2
Lair:4:   layout_layer_cave, slime_entry_1
Lair:5:   evilmike_catoblepas_cave, layout_hall_layers, uniq_rupert
Shoals:1: layout_shoals, regret_index_shoals_crete, uniq_louise
Shoals:2: layout_shoals, nicolae_splish_splash
Shoals:3: layout_shoals
Shoals:4: shoals_end_simple, layout_shoals, shoal_ilsuiw,
          nicolae_shoals_water_shrine
Spider:1: layout_spider_delve
Spider:2: layout_spider_delve
Spider:3: layout_spider_delve
Spider:4: grunt_spider_rune_circles, nicolae_spider_solar_radiation
Orc:1:    layout_diamond_mine, basic_altar, uniq_sonja
Orc:2:    st_orc_congregation, layout_caves, serial_shops, shop,
          nicolae_orc_damp_corner
Elf:1:    minmay_elf_arrival_plus, layout_loops_cross,
          nicolae_elf_crossing_hall, solitary_fountain, nicolae_danse_macabre
Elf:2:    nicolae_elf_blades_splatter_lattice
          [nicolae_blade_entry_area_security], layout_geoelf_octagon,
          solitary_fountain
Elf:3:    grunt_elf_hall_diamonds, layout_gridlike, grunt_megastairs_4
Vaults:1: nicolae_vaults_turnstiles, lightli_orcish_oven,
          nicolae_vaults_tetromino_T_2, nicolae_vaults_weapon_check,
          layout_vaults_omnigrid, uniq_norris
Vaults:2: v_alt_pattern_5, nicolae_vaults_offset_grid_hallway_1,
          nicolae_vaults_shipping_containers_5, hangedman_vaults_pinch,
          lemuel_angel_altar, nicolae_vaults_wine_cellar,
          nicolae_vaults_variable_pillar_hall, nicolae_vaults_little_squares_6,
          vaults_room_stairs_pillars, nicolae_vaults_taking_the_gang_shopping,
          layout_vaults_omnicross
Vaults:3: mu_enter_wizlab_1, dpeg_vaults_monster_row,
          minmay_crypt_entry_simple_round, hangedman_vaults_cutoff,
          v_alt_pattern_2, nicolae_vaults_bisected_exclaves,
          nicolae_vaults_windows_and_doors_thing,
          nicolae_vaults_more_shelving_2, nicolae_vaults_trapezoid_lopsided_3,
          layout_vaults_big_room
Vaults:4: grunt_vaults_trifunnel, nicolae_vaults_closet_pinwheel_1,
          nicolae_vaults_steering_wheel, nicolae_vaults_meeting, v_misc_9,
          v_misc_8, nicolae_vaults_mini_display_case, hangedman_vaults_hat,
          vaults_mumra_lcd, vaults_room_pool, grunt_vaults_hallway_long,
          ontoclasm_vaults_ring_small, layout_vaults_omnibox

Notes
Turn   | Place    | Note
-------+----------+-------------------------------------------
     0 | D:1      | cforsyth the Mountain Dwarf Cinder Acolyte began the quest
                  | for the Orb.
     0 | D:1      | Reached XP level 1. HP: 19/19 MP: 2/2
   237 | D:1      | Reached XP level 2. HP: 26/26 MP: 3/3
   240 | D:1      | Learned a level 2 spell: Scorch
   654 | D:1      | Reached skill level 1 in Armour
   806 | D:2      | Reached skill level 4 in Fire Magic
   825 | D:1      | Reached skill level 4 in Axes
   825 | D:1      | Reached XP level 3. HP: 12/31 MP: 0/5
   832 | D:1      | HP: 3/31 [hobgoblin (1)]
  1191 | D:2      | Found a faded altar of an unknown god.
  1229 | D:2      | Found Uleugayd's Weapon Shoppe.
  1378 | D:2      | Found Xaotzen's Distillery.
  1386 | D:2      | Reached XP level 4. HP: 33/40 MP: 1/6
  1436 | D:2      | Bought a potion of heal wounds for 55 gold pieces
  1436 | D:2      | Bought a potion of might for 44 gold pieces
  1572 | D:2      | Found Ytwoum's Antique Armour Shop.
  1643 | D:2      | Found a bloodstained altar of Trog.
  1820 | D:3      | Noticed Jessica
  1825 | D:3      | Killed Jessica
  2017 | D:3      | Noticed a kobold brigand
  2031 | D:3      | HP: 2/40 [kobold brigand/+0 dagger (3)]
  2034 | D:3      | Killed a kobold brigand
  2035 | D:3      | Reached skill level 4 in Fighting
  2035 | D:3      | Reached skill level 2 in Armour
  2035 | D:3      | Reached skill level 2 in Spellcasting
  2035 | D:3      | Reached XP level 5. HP: 16/46 MP: 1/8
  2418 | D:3      | Found a glowing golden altar of the Shining One.
  2669 | D:4      | You fall into a shaft and drop 3 floors!
  2669 | D:7      | Found a staircase to the Ecumenical Temple.
  2671 | D:7      | Noticed a centaur
  2676 | Temple   | Entered the Ecumenical Temple
  2881 | D:7      | Killed a centaur
  2882 | D:7      | Reached skill level 5 in Fire Magic
  2882 | D:7      | Reached XP level 6. HP: 49/53 MP: 2/9
  2926 | D:7      | Reached skill level 5 in Axes
  3028 | D:7      | Reached skill level 3 in Armour
  3028 | D:7      | HP: 4/53 [howler monkey (2)]
  3379 | D:7      | Found a white marble altar of Elyvilon.
  3505 | D:6      | Reached XP level 7. HP: 47/60 MP: 4/11
  3568 | D:5      | Entered Level 5 of the Dungeon
  3866 | D:4      | Reached skill level 5 in Fighting
  3958 | D:4      | Found a radiant altar of Vehumet.
  4196 | D:4      | Found an iron altar of Okawaru.
  4216 | D:4      | Reached skill level 3 in Spellcasting
  4956 | D:5      | Reached skill level 4 in Armour
  4998 | D:5      | Reached skill level 6 in Fire Magic
  5090 | D:5      | Reached skill level 6 in Axes
  5292 | D:5      | Found a burning altar of Makhleb.
  5379 | D:5      | Noticed a vampire
  5609 | D:6      | Reached XP level 8. HP: 61/70 MP: 1/12
  5918 | D:5      | Reached skill level 6 in Fighting
  6074 | D:6      | Reached skill level 5 in Armour
  6149 | D:6      | Noticed Duvessa
  6150 | D:6      | Noticed Dowan
  6423 | D:6      | Reached skill level 7 in Fire Magic
  6530 | D:6      | Reached skill level 7 in Axes
  6583 | D:6      | Noticed a +0 dagger
  6584 | D:6      | Found a hide-covered altar of Uskayaw.
  6585 | D:6      | Noticed a +0 hand axe
  6971 | D:6      | Killed Dowan
  6973 | D:6      | Killed Duvessa
  7015 | D:6      | Found a sparkling altar of Nemelex Xobeh.
  7305 | D:7      | Reached XP level 9. HP: 78/78 MP: 8/13
  7307 | D:7      | Noticed Joseph
  7496 | D:7      | Killed Joseph
  7497 | D:7      | Reached skill level 7 in Fighting
  7497 | D:7      | Reached skill level 6 in Armour
  7733 | D:7      | Found an ornate altar of the Wu Jian Council.
  7990 | D:7      | Noticed Pikel
  8534 | D:7      | Killed Pikel
  8535 | D:7      | Reached skill level 8 in Axes
  8535 | D:7      | Reached skill level 8 in Fire Magic
  8943 | D:7      | Found a shimmering altar of Xom.
  9703 | D:8      | Reached skill level 7 in Armour
  9788 | D:8      | Found a roughly hewn altar of Beogh.
  9844 | D:8      | Reached skill level 8 in Fighting
  9942 | D:8      | Found Weruanla's Book Emporium.
 10310 | D:8      | Reached skill level 9 in Fire Magic
 10313 | D:8      | Reached skill level 9 in Axes
 10439 | D:8      | Found Linan's Magic Scroll Boutique.
 10447 | D:8      | Bought a scroll of teleportation for 45 gold pieces
 10447 | D:8      | Bought a scroll of blinking for 112 gold pieces
 10447 | D:8      | Bought a scroll of identify for 30 gold pieces
 10454 | D:8      | Found a shimmering blue altar of Sif Muna.
 10471 | D:8      | Found Koot's Antique Armour Shop.
 10486 | D:8      | Found Eridee's Distillery.
 11182 | D:9      | Reached XP level 10. HP: 75/89 MP: 10/14
 11942 | D:9      | Reached skill level 8 in Armour
 12138 | D:9      | Found a staircase to the Lair.
 12187 | D:9      | Reached skill level 9 in Fighting
 12480 | D:8      | Reached skill level 10 in Axes
 12480 | D:8      | Reached skill level 10 in Fire Magic
 12971 | D:10     | Entered Level 10 of the Dungeon
 13290 | D:10     | Found a glowing silver altar of Zin.
 13351 | D:10     | Reached skill level 9 in Armour
 13358 | D:10     | Reached XP level 11. HP: 91/99 MP: 6/15
 14039 | D:10     | Noticed a two-headed ogre
 14473 | D:10     | Found a runed translucent gate.
 14548 | D:10     | Killed a two-headed ogre
 14549 | D:10     | Reached skill level 10 in Fighting
 14646 | D:10     | Found a staircase to the Orcish Mines.
 15023 | D:10     | Noticed soul19's ghost (novice DsSh)
 15116 | D:10     | Found a runed translucent gate.
 15116 | D:10     | Found a runed translucent gate.
 15422 | D:11     | Noticed a boulder beetle
 15432 | D:11     | Killed a boulder beetle
 15433 | D:11     | Reached skill level 11 in Axes
 15433 | D:11     | Reached skill level 11 in Fire Magic
 15555 | D:11     | Found a runed translucent door.
 15646 | D:11     | Noticed a fire crab
 15722 | D:11     | Noticed a two-headed ogre
 15810 | D:9      | Killed a two-headed ogre
 17108 | D:12     | Got Fugg's Book of the Refulgent Oath
 17628 | D:12     | Reached skill level 10 in Armour
 17891 | D:12     | Noticed a two-headed ogre
 17909 | D:12     | Killed a two-headed ogre
 18025 | D:12     | Noticed a deep elf pyromancer
 18188 | D:12     | Killed a deep elf pyromancer
 18566 | D:12     | Reached skill level 11 in Fighting
 18654 | D:12     | Noticed a two-headed ogre
 18664 | D:12     | Killed a two-headed ogre
 18665 | D:12     | Reached skill level 12 in Axes
 18665 | D:12     | Reached skill level 12 in Fire Magic
 19456 | Lair:1   | Entered Level 1 of the Lair of Beasts
 19604 | Lair:1   | Reached XP level 12. HP: 94/110 MP: 16/16
 20550 | Lair:1   | Reached skill level 11 in Armour
 21248 | Lair:2   | Noticed Urug
 21278 | Lair:1   | Reached skill level 13 in Axes
 21343 | Lair:2   | Noticed Amaemon
 21354 | Lair:1   | Reached skill level 13 in Fire Magic
 21554 | Lair:1   | Killed Amaemon
 21555 | Lair:1   | Reached skill level 12 in Fighting
 21900 | Lair:2   | You fall into a shaft and drop 2 floors!
 21900 | Lair:4   | Found a staircase to the Slime Pits.
 21982 | Lair:4   | Identified a potion of resistance
 22389 | Lair:4   | Reached XP level 13. HP: 104/119 MP: 14/17
 22484 | Lair:3   | Found a staircase to the Shoals.
 22501 | Lair:3   | Reached skill level 12 in Armour
 22976 | Lair:3   | Identified the scarf of the Eleven Wishes {harm, rPois rF-
                  | rC+ Int+4}
 23348 | Lair:2   | Found a hole to the Spider Nest.
 23600 | Lair:3   | Found a hide-covered altar of Uskayaw.
 23723 | Lair:3   | Reached skill level 14 in Axes
 24080 | Lair:4   | Reached skill level 14 in Fire Magic
 24220 | Lair:4   | Reached skill level 13 in Fighting
 24911 | Lair:5   | Entered Level 5 of the Lair of Beasts
 25282 | Lair:5   | Noticed Rupert
 25782 | D:10     | Got the Handbook of the Dusty Winter
 26280 | D:11     | HP: 12/122 [entropy weaver (3)]
 26281 | D:11     | HP: 5/122 [entropy weaver (7)]
 26751 | D:11     | Reached skill level 13 in Armour
 27423 | D:11     | Identified the ring of Symmetry {*Corrode Fly rPois Will-
                  | Str+6}
 27793 | Lair:2   | Killed Urug
 28031 | Lair:2   | Found a hole to the Spider Nest.
 28712 | Lair:5   | Reached skill level 15 in Axes
 29086 | Lair:4   | Reached XP level 14. HP: 129/130 MP: 18/18
 29460 | Lair:4   | Killed Rupert
 29461 | Lair:4   | Reached skill level 14 in Fighting
 30054 | Lair:5   | Reached skill level 1 in Shields
 30282 | Lair:5   | Reached skill level 2 in Shields
 30284 | Lair:5   | Reached skill level 14 in Armour
 30481 | Lair:5   | Reached skill level 3 in Shields
 31022 | Lair:5   | Identified the +2 leather armour of Spring {+Inv rPois
                  | Will+ rCorr}
 31219 | Orc:1    | Entered Level 1 of the Orcish Mines
 31248 | Orc:2    | Entered Level 2 of the Orcish Mines
 31472 | Orc:2    | Found Gaved's Armour Emporium.
 31490 | Orc:1    | Found a roughly hewn altar of Beogh.
 31620 | Orc:1    | Noticed Sonja
 31750 | Orc:1    | Reached skill level 16 in Axes
 31899 | Orc:1    | Killed Sonja
 32042 | Orc:1    | Reached skill level 4 in Shields
 32297 | Orc:2    | Noticed an orc warlord
 32495 | Orc:2    | Killed an orc warlord
 32707 | Orc:2    | Reached skill level 15 in Fighting
 33014 | Orc:2    | Found a staircase to the Elven Halls.
 33083 | Orc:2    | Reached skill level 5 in Shields
 33301 | Orc:2    | Noticed an orc warlord
 33324 | Orc:1    | Killed an orc warlord
 33529 | Orc:2    | Reached XP level 15. HP: 116/141 MP: 13/19
 34652 | Orc:2    | Found Uruynkes's Antique Armour Shoppe.
 34653 | Orc:2    | Found Qeqi's Antique Weapon Shoppe.
 34655 | Orc:2    | Found Ycyfetz's General Store.
 34655 | Orc:2    | Found Lemodij's Jewellery Emporium.
 34670 | Orc:2    | Bought a polished helmet for 294 gold pieces
 34670 | Orc:2    | Identified the +2 helmet "Yhirit" {Rampage} (You bought it
                  | in a shop on level 2 of the Orcish Mines)
 34672 | Orc:2    | Bought a shimmering hand axe for 256 gold pieces
 34672 | Orc:2    | Identified the +8 hand axe of Actus Reus {freeze, Will+
                  | Str+2} (You bought it in a shop on level 2 of the Orcish
                  | Mines)
 34883 | D:13     | Reached skill level 15 in Armour
 35347 | D:13     | Found Gywakh's Assorted Antiques.
 35395 | D:13     | Bought a scroll labelled XETSIR RENU SASE for 27 gold
                  | pieces
 35944 | D:13     | Reached skill level 17 in Axes
 36325 | D:14     | Noticed warriortoast's ghost (journeyman OpSh)
 36326 | D:14     | Noticed a lich
 36327 | D:14     | Noticed a fire giant
 37130 | D:14     | Reached skill level 6 in Shields
 37216 | D:14     | Noticed Azrael
 37240 | D:14     | Killed Azrael
 37459 | D:14     | Found a gate to the Vaults.
 37531 | D:14     | Reached skill level 16 in Fighting
 37621 | D:14     | Found a runed translucent door.
 37685 | D:14     | Found a runed translucent door.
 38772 | D:15     | Entered Level 15 of the Dungeon
 39127 | D:14     | Reached skill level 7 in Shields
 39620 | D:15     | Found a staircase to the Depths.
 39738 | D:15     | Identified a scarf of resistance
 40545 | D:15     | Found a staircase to the Depths.
 40960 | Spider:1 | Entered Level 1 of the Spider Nest
 41138 | Spider:1 | Reached skill level 16 in Armour
 41197 | Spider:1 | Reached XP level 16. HP: 152/152 MP: 20/20
 41290 | Spider:1 | Reached skill level 8 in Shields
 41493 | Spider:1 | Reached skill level 18 in Axes
 41687 | D:8      | Bought the +3 pair of gauntlets of War {Slay+5} for 1187
                  | gold pieces
 41687 | D:8      | Found the +3 pair of gauntlets of War {Slay+5}
 42043 | Spider:1 | Identified the ring "Gobb" {+Blink rPois rN+ Str+5}
 43235 | Spider:1 | Reached skill level 9 in Shields
 43583 | Spider:2 | Reached skill level 17 in Fighting
 45855 | Spider:4 | Entered Level 4 of the Spider Nest
 46219 | Spider:4 | Reached skill level 17 in Armour
 46219 | Spider:4 | Reached skill level 10 in Shields
 49144 | Spider:4 | Reached XP level 17. HP: 132/163 MP: 18/21
 49204 | Spider:4 | Reached skill level 11 in Shields
 49643 | Spider:3 | Reached skill level 18 in Fighting
 50872 | Spider:4 | Identified the +3 hat of Life {*Corrode Fly Str+4 Int+2}
 50883 | Spider:4 | Got a gossamer rune of Zot
 51107 | D:10     | Found a glowing silver altar of Zin.
 51369 | D:10     | Killed soul19's ghost
 51633 | D:10     | Found a staircase to the Orcish Mines.
 52215 | D:15     | Killed warriortoast's ghost
 52816 | D:14     | Killed a lich
 53180 | Shoals:1 | Entered Level 1 of the Shoals
 53601 | Shoals:1 | Noticed Louise
 53914 | Shoals:1 | Killed Louise
 54086 | Shoals:1 | Reached skill level 18 in Armour
 54719 | Shoals:1 | Reached skill level 12 in Shields
 54882 | Shoals:1 | Found a hide-covered altar of Uskayaw.
 56488 | Shoals:1 | Reached skill level 19 in Fighting
 56718 | Shoals:2 | Identified the +1 falchion of the Eight Youths {flame,
                  | Str+2 Dex+4}
 58614 | Shoals:3 | Reached skill level 19 in Armour
 59869 | Shoals:4 | Entered Level 4 of the Shoals
 60794 | Shoals:4 | Reached XP level 18. HP: 167/177 MP: 13/22
 62463 | Shoals:4 | Reached skill level 20 in Fighting
 63002 | Shoals:4 | Got a barnacled rune of Zot
 63396 | Shoals:4 | Noticed Ilsuiw
 63726 | Shoals:4 | Reached skill level 20 in Armour
 64200 | Shoals:4 | Killed Ilsuiw
 64497 | Vaults:1 | Entered Level 1 of the Vaults
 64876 | Orc:2    | Bought the ring "Jofiewni" {Wiz Fly rElec} for 691 gold
                  | pieces
 65180 | Vaults:1 | Paralysed by a formless jellyfish for 1 turns
 65184 | Vaults:1 | Reached skill level 1 in Evocations
 65420 | Vaults:1 | Reached skill level 2 in Evocations
 65423 | Vaults:1 | Noticed Norris
 65671 | Vaults:1 | Reached skill level 3 in Evocations
 66113 | Vaults:2 | Reached skill level 4 in Evocations
 66724 | Vaults:1 | Reached skill level 5 in Evocations
 66728 | Vaults:1 | Reached skill level 21 in Fighting
 66801 | Vaults:1 | Killed Norris
 67290 | Vaults:1 | Reached XP level 19. HP: 175/189 MP: 23/23
 67383 | Vaults:1 | Reached skill level 6 in Evocations
 68026 | Vaults:1 | Reached skill level 21 in Armour
 68835 | Vaults:1 | Reached skill level 7 in Evocations
 69743 | Vaults:2 | Found a white marble altar of Elyvilon.
 69886 | Vaults:2 | Found Guenocka's Weapon Shoppe.
 70764 | Vaults:2 | Found a white marble altar of Elyvilon.
 70803 | Vaults:2 | Found Guenocka's Weapon Shoppe.
 71115 | Vaults:3 | You are cast into the Abyss!
 71115 | Abyss:3  | Found a corrupted altar of Lugonu.
 71115 | Abyss:3  | Cast into level 3 of the Abyss (vault warden)
 71216 | Abyss:3  | HP: 9/190 [large abomination (24)]
 71227 | Abyss:3  | HP: 18/191 [rakshasa/lance of force (24)]
 71233 | Abyss:3  | Reached skill level 8 in Evocations
 71416 | Abyss:3  | Found a corrupted altar of Lugonu.
 71598 | Abyss:3  | Found a corrupted altar of Lugonu.
 71621 | Vaults:3 | You pass through the gate.
 71621 | Vaults:3 | Escaped the Abyss
 71700 | Vaults:3 | Found a magical portal.
 71705 | WizLab   | Entered Iskenderun's Mystic Tower
 71918 | WizLab   | Reached skill level 22 in Fighting
 73518 | WizLab   | Got Iskenderun's Compendium of Bruises
 73518 | WizLab   | Got Iskenderun's Quarto of Blasting
 73539 | WizLab   | Identified a +1 robe of the Archmagi
 73585 | WizLab   | Got the Folio of Incineration and Battle Magic
 73594 | WizLab   | Learned a level 5 spell: Fireball
 73692 | Vaults:3 | Reached skill level 22 in Armour
 74585 | Vaults:3 | Reached XP level 20. HP: 178/202 MP: 24/24
 74845 | Vaults:3 | Found a staircase to the Crypt.
 75591 | Vaults:4 | Identified the +4 halberd "Ysoakk" {flame, rElec Dex+3}
 76011 | Vaults:4 | Reached skill level 23 in Fighting
 76101 | Vaults:4 | Reached skill level 15 in Fire Magic
 76839 | Vaults:4 | Reached skill level 23 in Armour
 77654 | Elf:1    | Entered Level 1 of the Elven Halls
 77672 | Elf:1    | Paralysed by an air elemental for 1 turns
 77682 | Orc:2    | Paralysed by an air elemental for 1 turns
 77687 | Orc:2    | Paralysed by an air elemental for 1 turns
 77797 | Orc:2    | Paralysed by an air elemental for 1 turns
 77872 | Elf:1    | Reached skill level 16 in Fire Magic
 78750 | Elf:1    | Found a runed translucent door.
 78922 | Elf:1    | Paralysed by an air elemental for 1 turns
 78927 | Elf:1    | Paralysed by an air elemental for 1 turns
 79021 | Elf:2    | Learned a level 3 spell: Inner Flame
 79525 | Elf:2    | Reached XP level 21. HP: 197/213 MP: 25/25
 79542 | Elf:2    | Found a runed translucent gate.
 79597 | Elf:2    | Found a runed translucent gate.
 79598 | Elf:2    | Found a runed translucent gate.
 79789 | Elf:2    | HP: 16/213 [something/shard of ice (31)]
 80555 | Elf:2    | Reached skill level 24 in Fighting
 80770 | Elf:2    | Reached skill level 17 in Fire Magic
 81766 | Elf:3    | Entered Level 3 of the Elven Halls
 81975 | Elf:3    | Identified the +7 chain mail "Ylakagiti" {rElec rC- rCorr
                  | Stlth-}
 82483 | Elf:3    | Identified the staff of Leedui {rN+ Str+7 Stlth- Necro
                  | Earth}
 82654 | Elf:3    | Reached skill level 13 in Shields
 82981 | Elf:3    | Identified the +5 long sword of Contradiction {spect,
                  | rCorr}
 83044 | Elf:3    | Identified the +4 mace of Licyn {drain, Int-2 Dex+5}
 83067 | Elf:3    | Reached skill level 18 in Fire Magic
 83253 | Elf:3    | HP: 19/214 [deep elf master archer/boomerang (39)]
 83255 | Elf:3    | Shot with an arrow by a deep elf master archer

Vanquished Creatures
  Norris (Vaults:1)
  Rupert (Lair:4)
  A deep elf blademaster (Elf:3)
  A lich (D:14)
  A deep elf master archer (Elf:3)
  An ancient champion (Vaults:2)
  A tengu reaver (Vaults:3)
  Ilsuiw (Shoals:4)
  6 deep elf sorcerers
  7 emperor scorpions
  13 vault wardens
  A deep elf elementalist (Elf:3)
  2 fire giants
  Louise (Shoals:1)
  3 ghost moths
  6 orc warlords
  2 draconian annihilators (WizLab)
  17 ironbound preservers
  A broodmother (Spider:1)
  5 formless jellyfish
  A vampire knight (Vaults:3)
  A stone giant (Vaults:3)
  5 ironbound thunderhulks
  3 deep elf death magi (Elf:3)
  5 deep elf demonologists (Elf:3)
  5 dire elephants (Vaults:1)
  Azrael (D:14)
  A minotaur (Shoals:1)
  12 purple draconians (WizLab)
  6 deep elf annihilators (Elf:3)
  The ghost of warriortoast the Fighter, a journeyman OpSh of Wu Jian (D:15)
  7 statues (WizLab)
  A quicksilver dragon zombie (D:15)
  2 ettins
  6 merfolk javelineers
  4 merfolk impalers
  A crystal guardian (Vaults:3)
  8 entropy weavers
  5 yaktaur captains
  2 deep elf high priests (Elf:3)
  5 hydras
  A rakshasa (Abyss:3)
  7 great orbs of eyes
  13 vault guards
  2 ghost crabs (D:11)
  10 ironbound frosthearts
  10 centaur warriors
  3 satyrs
  A peacekeeper (Vaults:3)
  13 merfolk aquamancers
  2 alligator snapping turtles
  5 radroaches
  4 catoblepae
  5 boulder beetles
  A death knight (Vaults:3)
  29 dancing weapons
  3 merfolk avatars
  The ghost of soul19 the Mimic, a novice DsSh of Qazlal (D:10)
  3 thrashing horrors (Abyss:3)
  A tengu warrior (D:14)
  5 demonic crawlers
  7 death yaks (Lair:5)
  15 deep elf knights
  6 two-headed ogres
  Urug (Lair:2)
  3 orc high priests (Orc:2)
  A storm dragon zombie (D:15)
  Sonja (Orc:1)
  5 fire crabs
  8 skysharks
  3 skeletal warriors (D:15)
  Amaemon (Lair:1)
  A glowing orange brain (Vaults:4)
  A swamp dragon (Lair:4)
  2 large abominations (Abyss:3)
  19 sea snakes
  5 pharaoh ants
  7 orb spiders
  A shadow demon (Abyss:3)
  A flayed ghost (D:15)
  10 deep elf archers
  36 deep trolls
  2 arcanists
  A phantasmal warrior (Vaults:3)
  19 lindwurms
  Pikel (D:7)
  2 necromancers
  4 sun moths
  10 steelbarb worms
  11 ironbound convokers
  22 deep elf pyromancers
  20 harpies
  12 orc knights
  4 thermic dynamos
  17 manticores
  15 wolf spiders
  6 cyclopes
  25 deep elf zephyrmancers
  7 orc sorcerers
  15 ugly things
  4 fauns
  9 meliai
  2 kobold blastminers (Orc:2)
  19 elephants
  9 merfolk sirens
  An apocalypse crab (D:11)
  3 black mambas
  A rust devil (Abyss:3)
  A torpor snail (Spider:1)
  9 vault sentinels
  15 water nymphs
  8 cane toads
  An eye of devastation (Abyss:3)
  Joseph (D:7)
  3 unseen horrors
  An orange demon (Lair:2)
  46 yaktaurs
  2 kobold demonologists
  A rime drake (Lair:4)
  5 komodo dragons
  16 tengu conjurers (WizLab)
  2 efreet
  A queen bee (Lair:1)
  A troll (shapeshifter) (Elf:1)
  9 wind drakes
  2 hellwings (Abyss:3)
  8 trolls
  A polar bear (Lair:5)
  21 merfolk
  A wind drake (shapeshifter) (Vaults:2)
  22 tarantellas
  A spriggan zombie (D:15)
  20 blink frogs
  2 raiju (Abyss:3)
  15 snapping turtles
  4 dream sheep
  19 slime creatures
  A culicivora (shapeshifter) (D:14)
  A centaur simulacrum (D:10)
  20 culicivoras
  21 jumping spiders
  2 shadows
  2 air elementals
  3 vampires
  23 water elementals
  3 starcursed masses (Abyss:3)
  2 yaks (shapeshifter)
  49 yaks
  7 wraiths
  3 fire elementals
  6 wyverns
  3 basilisks
  18 vampire mosquitoes
  A golden eye (shapeshifter) (D:14)
  An unseen horror simulacrum (D:10)
  A warg (shapeshifter) (Elf:1)
  6 wargs
  32 redbacks
  A chaos spawn (Abyss:3)
  3 hell hounds (D:14)
  6 acid dragons
  An acid dragon (shapeshifter) (D:14)
  15 water moccasins
  Duvessa (D:6)
  41 orc warriors
  4 ice beasts
  5 black bears
  10 boggarts
  10 ogres
  4 wolves (Lair:3)
  10 centaurs
  4 lemures
  A phantom (D:4)
  4 kobold brigands
  14 bullfrogs
  8 scorpions
  3 small abominations (Abyss:3)
  A gnoll sergeant (D:13)
  7 earth elementals
  Dowan (D:6)
  28 killer bees
  5 howler monkeys
  7 electric eels
  3 jellies
  3 bombardier beetles
  27 orc priests
  5 hounds
  Jessica (D:3)
  6 iguanas
  32 orc wizards
  4 hell rats (Lair:1)
  4 gnolls (D:13)
  8 adders
  7 white imps
  A howler monkey simulacrum (D:10)
  4 ufetubi (D:6)
  A dart slug (D:2)
  A ribbon worm (shapeshifter) (Elf:2)
  2 ribbon worms
  121 orcs
  9 ball pythons
  9 endoplasms
  2 giant cockroaches
  5 hobgoblins
  7 jackals
  15 kobolds
  3 quokkas
  6 bats
  3 frilled lizards
  9 goblins
  2 rats
1585 creatures vanquished.

Vanquished Creatures (others)
  A sea snake (Shoals:4)
  A deep elf zephyrmancer (Elf:3)
  A shadow (D:13)
  An orc (Orc:1)
  A lurking horror (Abyss:3)
5 creatures vanquished.

Grand Total: 1590 creatures vanquished

Table legend: (Time is in decaauts)
 A = Elapsed time spent in this place.
 B = Non-inter-level travel time spent in this place.
 C = Inter-level travel time spent in this place.
 D = Time resting spent in this place.
 E = Time spent auto-exploring this place.
 F = Levels seen in this place.
 G = Mean time per level.
                   A        B        C        D        E       F      G
               +--------+--------+--------+--------+--------+-----+--------+
         Total |  82468 |  77355 |   5113 |  25900 |  35772 |  40 | 2061.7 |
       Dungeon |  30327 |  27513 |   2814 |   7724 |  15002 |  15 | 2021.8 |
        Temple |    534 |    534 |      0 |    508 |      0 |   1 |  534.0 |
          Lair |  10744 |   9908 |    836 |   2564 |   5092 |   5 | 2148.8 |
        Shoals |  10543 |  10437 |    106 |   5049 |   3538 |   4 | 2635.8 |
   Spider Nest |   9447 |   9196 |    251 |   4872 |   2657 |   4 | 2361.8 |
  Orcish Mines |   4333 |   3904 |    429 |   1560 |   1357 |   2 | 2166.5 |
   Elven Halls |   4451 |   4274 |    177 |    564 |   2457 |   3 | 1483.7 |
        Vaults |   9763 |   9266 |    497 |   1523 |   5526 |   4 | 2440.8 |
         Abyss |    475 |    475 |      0 |    345 |      2 |   1 |  475.0 |
        Wizlab |   1847 |   1847 |      0 |   1188 |    140 |   1 | 1847.0 |
               +--------+--------+--------+--------+--------+-----+--------+

Top non-repeatable levels by time:
Spider:4: 4148 daAuts
Shoals:4: 4003 daAuts
    D:14: 3774 daAuts
    D:11: 3765 daAuts
Vaults:1: 3529 daAuts
    D:10: 3396 daAuts
  Lair:4: 2768 daAuts
Vaults:2: 2573 daAuts
   Orc:2: 2519 daAuts
     D:9: 2492 daAuts
Shoals:1: 2476 daAuts
  Lair:1: 2383 daAuts
Spider:3: 2337 daAuts
     D:7: 2289 daAuts
     D:8: 2279 daAuts

Table legend:
 A = Non-vault XP
 B = Vault XP
 C = Vault XP percentage of total XP
 D = Non-vault monster count
 E = Vault monster count
 F = Vault count percentage of total count
                 A         B        C        D         E       F
            +---------+---------+-------+---------+---------+-------
      Total |  352799 |  296276 |  45.6 |    1001 |     582 |  36.8
            +---------+---------+-------+---------+---------+-------
        D:1 |      52 |       0 |   0.0 |      24 |       0 |   0.0
        D:2 |      67 |       0 |   0.0 |      22 |       0 |   0.0
        D:3 |     125 |      37 |  22.8 |       8 |       1 |  11.1
        D:4 |     389 |       0 |   0.0 |      17 |       0 |   0.0
        D:5 |     635 |       0 |   0.0 |      14 |       0 |   0.0
        D:6 |     975 |     214 |  18.0 |      19 |       2 |   9.5
        D:7 |     542 |    1060 |  66.2 |      15 |       4 |  21.1
        D:8 |    1811 |    1075 |  37.2 |      26 |      25 |  49.0
        D:9 |    3293 |     990 |  23.1 |      20 |      11 |  35.5
       D:10 |    2286 |    1917 |  45.6 |      24 |      38 |  61.3
       D:11 |    3161 |    8945 |  73.9 |      28 |      11 |  28.2
       D:12 |    4681 |     769 |  14.1 |      13 |       1 |   7.1
       D:13 |    5815 |    3325 |  36.4 |      23 |       7 |  23.3
       D:14 |   15228 |   10479 |  40.8 |      40 |      19 |  32.2
       D:15 |    6575 |    8368 |  56.0 |      19 |      13 |  40.6
     Temple |      92 |       0 |   0.0 |       2 |       0 |   0.0
     Lair:1 |    7143 |    2378 |  25.0 |      35 |      20 |  36.4
     Lair:2 |    4531 |    1605 |  26.2 |      18 |       4 |  18.2
     Lair:3 |    5742 |    2170 |  27.4 |      21 |      10 |  32.3
     Lair:4 |   12299 |    3318 |  21.2 |      35 |       6 |  14.6
     Lair:5 |    7431 |   11492 |  60.7 |      18 |      23 |  56.1
   Shoals:1 |   14146 |   10093 |  41.6 |      29 |      16 |  35.6
   Shoals:2 |   11378 |    3089 |  21.4 |      26 |       6 |  18.8
   Shoals:3 |   10554 |       0 |   0.0 |      21 |       0 |   0.0
   Shoals:4 |   10010 |   28270 |  73.9 |      22 |      47 |  68.1
   Spider:1 |   19316 |       0 |   0.0 |      51 |       0 |   0.0
   Spider:2 |   11878 |       0 |   0.0 |      28 |       0 |   0.0
   Spider:3 |    8025 |    3288 |  29.1 |      18 |       3 |  14.3
   Spider:4 |    8705 |   21926 |  71.6 |      20 |      40 |  66.7
      Orc:1 |    5767 |    2705 |  31.9 |      42 |       5 |  10.6
      Orc:2 |    8436 |    9041 |  51.7 |      48 |      63 |  56.8
      Elf:1 |   20466 |    4228 |  17.1 |      33 |       7 |  17.5
      Elf:2 |   13650 |   24499 |  64.2 |      24 |      33 |  57.9
      Elf:3 |    9903 |   28085 |  73.9 |      19 |      29 |  60.4
   Vaults:1 |   38465 |   14056 |  26.8 |      53 |      16 |  23.2
   Vaults:2 |   18724 |   16499 |  46.8 |      27 |      24 |  47.1
   Vaults:3 |   22352 |   15343 |  40.7 |      35 |      22 |  38.6
   Vaults:4 |   28899 |   30767 |  51.6 |      42 |      39 |  48.1
    Abyss:3 |    9252 |       0 |   0.0 |      22 |       0 |   0.0
     WizLab |       0 |   26245 | 100.0 |       0 |      37 | 100.0
            +---------+---------+-------+---------+---------+-------
